 Dungeon Crawl Stone Soup version 0.26-b1-32-g5d43845318 (webtiles) character file.

Game seed: 11717192211445957752

146 MisterFreud the Ruffian (level 5, -2/50 HPs)
             Began as a Troll Fighter on Jan 12, 2021.
             Splashed by Ijyb's acid (10 damage)
             ... on level 3 of the Dungeon.
             The game lasted 00:01:45 (1447 turns).

MisterFreud the Ruffian (Troll Fighter)             Turns: 1447, Time: 00:01:45

Health: -2/50      AC:  2    Str: 24    XL:     5   Next: 7%
Magic:  4/4        EV:  8    Int:  5    God:
Gold:   67         SH:  8    Dex:  9    Spells: 4/4 levels left

rFire    . . .     SeeInvis .     - Unarmed
rCold    . . .     Faith    .   b - +0 kite shield
rNeg     . . .     Spirit   .   a - +0 robe
rPois    .         Reflect  .   (helmet restricted)
rElec    .         Harm     .   (no cloak)
rCorr    .         Rampage  .   (gloves unavailable)
Will     .....                  (boots unavailable)
Stlth    +.........             (no amulet)
HPRegen  0.56/turn              (no ring)
MPRegen  0.09/turn              (no ring)

@: corroded
A: large, unfitting armour, claws 3, regeneration 1, shaggy fur 1, tough skin 3
a: no special abilities


You were on level 3 of the Dungeon.
You visited 1 branch of the dungeon, and saw 3 of its levels.

You collected 67 gold pieces.

Inventory:

Hand Weapons
 e - a +1 dagger of venom
Armour
 a - a +0 robe (worn)
 b - a +0 kite shield (worn)
Scrolls
 d - 5 scrolls of identify {unknown}
 g - a scroll of fear {unknown}
 h - a scroll of fog {unknown}
 i - a scroll of enchant armour {unknown}
 j - 2 scrolls of teleportation {unknown}
Potions
 c - a potion of might
 f - a potion of resistance {unknown}


   Skills:
 - Level 2.4 Fighting
 - Level 2.4 Dodging
 - Level 2.4 Shields
 * Level 5.3 Unarmed Combat


You had 4 spell levels left.
You didn't know any spells.
Your spell library was empty.

Dungeon Overview and Level Annotations

Branches:
Dungeon (3/15)

Altars:

Annotations:
D:3 Ijyb


Innate Abilities, Weirdness & Mutations

You are too large for most types of armour.
You have claws for hands.
Your natural rate of healing is unusually fast.
You are covered in fur. (AC +1)
You have extremely tough skin. (AC +3)


Message History

You have reached level 5!
You see here a hound corpse.
You now have 56 gold pieces (gained 5).
You now have 67 gold pieces (gained 11).
You open the door.
There is an open door here.
Ijyb the Twisted Goblin comes into view.
She is wielding a +1 dagger of draining and carrying a wand of acid (4).
Ijyb shouts!
Found 12 gold pieces.
Ijyb is nearby!
Ijyb is nearby!
Ijyb zaps a wand.
The bolt of acid hits you!
You are splashed with acid!
You are too injured to fight recklessly!
You are too injured to fight recklessly!
You aren't carrying any items that you can evoke.
Unknown command.
Ijyb zaps a wand.
The bolt of acid hits you!
* * * LOW HITPOINT WARNING * * *
The acid corrodes you!
You are splashed with acid!
You die...

#........# #...+
##'####### #...####
#.# #+#... #
#.##########.#.###..#
#............g......#
############.#.###..#
#.#.# #g#.### #.#.@.#
#.###.# #.# .# #.# ..
#.# ###


You could see Ijyb.

Vanquished Creatures
  A howler monkey (D:2)
  A hound (D:3)
  An ooze (D:1)
  2 worms (D:2)
  3 dart slugs
  2 ball pythons (D:2)
  7 bats
  4 giant cockroaches (D:2)
  5 goblins
  11 hobgoblins
  6 jackals (D:2)
  A quokka (D:2)
  A frilled lizard (D:1)
  8 kobolds
  5 rats
58 creatures vanquished.

Notes
Turn   | Place    | Note
-------+----------+-------------------------------------------
     0 | D:1      | MisterFreud the Troll Fighter began the quest for the Orb.
     0 | D:1      | Reached XP level 1. HP: 22/22 MP: 0/0
   102 | D:1      | Reached XP level 2. HP: 24/29 MP: 1/1
   126 | D:1      | Reached skill level 3 in Unarmed Combat
   303 | D:1      | Reached XP level 3. HP: 36/36 MP: 2/2
   784 | D:2      | Reached skill level 4 in Unarmed Combat
   915 | D:2      | Reached XP level 4. HP: 41/44 MP: 3/3
  1303 | D:2      | Reached skill level 5 in Unarmed Combat
  1419 | D:3      | Reached XP level 5. HP: 50/50 MP: 4/4
  1441 | D:3      | Noticed Ijyb
  1447 | D:3      | Splashed by Ijyb's acid

Illustrated notes

Levels and vault maps discovered:
D:1:      lemuel_arrival_hallway, layout_loops_ring
D:2:      layout_basic, hex_intersection
D:3:      layout_basic, grunt_temple_overflow_open, lemuel_round_altar,
          uniq_ijyb

Skill      XL: |  1  2  3  4 |
---------------+-------------+-----
Unarmed Combat | 3 4 5 |  5.3
Fighting       | |  2.4
Dodging        | |  2.4
Shields        | |  2.4

Action                   |  1- 3 |  4- 6 || total
-------------------------+-------+-------++-------
Melee: Unarmed           |   111 |    44 ||   155
Armor: Robe              |    46 |     7 ||    53
Dodge: Dodged            |    39 |     7 ||    46
Block: Kite shield       |    50 |    15 ||    65
